 Dungeon Crawl Stone Soup version 0.32-a0-791-gfc315c9ecd (webtiles) character file.

Game seed: 15295068948853269162

2 porpoise the Poker (level 1, -2/16 HPs)
             Began as a Demonspawn Gladiator on Mar 21, 2024.
             Slain by a gnoll
             ... wielding a +0 flail of protection
              (5 damage)
             ... on level 1 of the Dungeon.
             The game lasted 00:00:56 (86 turns).

porpoise the Poker (Demonspawn Gladiator)             Turns: 86, Time: 00:00:56

Health: -2/16      AC:  4    Str: 14    XL:     1   Next: 33%
Magic:  1/1        EV: 11    Int:  8    God:
Gold:   0          SH:  0    Dex: 14    Spells: 0/0 levels left

rFire   . . .        a - +0 trident
rCold   . . .        (no shield)
rNeg    . . .        b - +0 leather armour
rPois   .            c - +0 helmet
rElec   .            (no cloak)
rCorr   .            (no gloves)
SInv    .            (no boots)
Will    .....        (no amulet)
Stlth   +            (no ring)
HPRegen 0.22/turn    (no ring)
MPRegen 0.07/turn

%: no passive effects
@: no status effects
A: no striking features
a: no special abilities


You were on level 1 of the Dungeon.
You visited 1 branch of the dungeon, and saw 1 of its levels.

Inventory:

Hand Weapons
 a - a +0 trident (weapon)
Missiles
 d - 3 throwing nets (quivered)
 e - 7 javelins
Armour
 b - a +0 leather armour (worn)
 c - a +0 helmet (worn)
Jewellery
 g - a +6 ring of dexterity
Potions
 f - 2 potions of might {unknown}


   Skills:
 + Level 2.0 Fighting
 * Level 2.8 Polearms
 - Level 1.7 Throwing
 - Level 2.6 Dodging
 + Level 0.2 Stealth


You couldn't memorise any spells.
You didn't know any spells.
Your spell library was empty.

Dungeon Overview and Level Annotations

Branches:
Dungeon (1/15)

Altars:


Message History

g - a +6 ring of dexterity You see here a +1 chain mail of cold resistance.
h - a +1 chain mail of cold resistance You drop a +1 chain mail of cold resistance.
A ball python comes into view.
A ball python is nearby!
Found 8 gold pieces.
The ball python barely misses you. The ball python grabs you.
The ball python constricts you.
You puncture the ball python!
You kill the ball python!
No target in view!
HP restored.
f - 2 fuming amethyst potions (gained 1)
A gnoll comes into view.
It is wielding a +0 flail of protection.
The gnoll shouts!
An endoplasm comes into view.
Found a runed long sword.
The endoplasm quivers.
You hit the gnoll but do no damage.
The gnoll hits you with a +0 flail of protection.
You hit the gnoll.
The gnoll is lightly wounded.
The gnoll hits you with a +0 flail of protection.
You are too injured to fight recklessly!
You are too injured to fight recklessly!
The gnoll attacks as it pursues you!
The gnoll hits you with a +0 flail of protection.
* * * LOW HITPOINT WARNING * * *
You are too injured to fight recklessly!
You hit the gnoll but do no damage.
The gnoll is lightly wounded.
The gnoll barely misses you.
You hit the gnoll but do no damage.
The gnoll is lightly wounded.
The gnoll hits you with a +0 flail of protection.
* * * LOW HITPOINT WARNING * * *
You hit the gnoll but do no damage.
The gnoll is lightly wounded.
The gnoll hits you with a +0 flail of protection.
You die...

#........
#.......P
#.....PP.
##.....P..
......P..
###$.......
#..J#.# #.#g#.. #
#@#.# #.#.#
#.#.### #.#.#.P
#.#.#.# # #...#.#
.#
#.####..#.######.#
#.......#........#
#.##...........#


You could see a gnoll and an endoplasm.

Vanquished Creatures
  A ball python (D:1)
  A bat (D:1)
2 creatures vanquished.

Notes
Turn   | Place    | Note
-------+----------+-------------------------------------------
     0 | D:1      | porpoise the Demonspawn Gladiator began the quest for the
                  | Orb.
     0 | D:1      | Reached XP level 1. HP: 16/16 MP: 1/1
    86 | D:1      | Slain by a gnoll

Illustrated notes

Levels and vault maps discovered:
D:1:      dpeg_arrival_rooms_with_view, layout_basic,
          shapermc_ecumenical_altar_mp_ritualfount

Action                     || total
---------------------------++-------
  Melee: Trident           ||    11
 Armour: Leather armour    ||     9
  Dodge: Dodged            ||     6

Table legend: (Time is in decaauts)
 A = Elapsed time spent in this place.
 B = Non-inter-level travel time spent in this place.
 C = Inter-level travel time spent in this place.
 D = Time resting spent in this place.
 E = Time spent auto-exploring this place.
 F = Levels seen in this place.
 G = Mean time per level.
                   A        B        C        D        E       F      G
               +--------+--------+--------+--------+--------+-----+--------+
         Total |     87 |     87 |      0 |      0 |     46 |   1 |   87.0 |
       Dungeon |     87 |     87 |      0 |      0 |     46 |   1 |   87.0 |
               +--------+--------+--------+--------+--------+-----+--------+

Top non-repeatable levels by time:
     D:1: 87 daAuts
